 Dungeon Sprint DCSS version 0.30-a0-528-g8c47a4955b (webtiles) character file.

Game seed: 5101610050420054935

19880 Angani the Gnoll Aeon (level 12, -3/105 HPs)
             Began as a Gnoll Warper on Dec 23, 2022.
             Was the Champion of Cheibriados.
             Shot with a bolt by a yaktaur captain (15 damage)
             ... in the Dungeon (Sprint VII: "The Pits").
             The game lasted 00:14:06 (3116 turns).

Angani the Gnoll Aeon (Gnoll Warper)                Turns: 3116, Time: 00:14:07

Health: -3/105     AC: 20    Str: 27    XL:     12   Next: 73%
Magic:  3/29       EV: 18    Int: 32    God:    Cheibriados [******]
Gold:   27         SH: 15    Dex: 26    Spells: 29/38 levels left

rFire   . . .      SeeInvis +    r - +8 morningstar (protect)
rCold   + . .      Faith    .    y - +0 kite shield
rNeg    . . .      Spirit   .    n - +4 chain mail
rPois   .          Reflect  .    (no helmet)
rElec   .          Harm     .    (no cloak)
rCorr   .          Rampage  .    m - +2 pair of gloves
Will    .....      NoTele   +    (no boots)
Stlth   +++                      (no amulet)
HPRegen 0.37/turn                B - ring of protection from cold
MPRegen 0.21/turn                x - ring of see invisible

@: very slow
A: fangs 1, strong nose, distributed training
a: Renounce Religion, Bend Time, Temporal Distortion, Slouch, Step From Time


You were in the Dungeon.
You worshipped Cheibriados.
Cheibriados was exalted by your worship.
You visited 1 branch You collected 27 gold pieces.

Inventory:

Hand Weapons
 r - a +8 morningstar of protection (weapon)
Missiles
 b - 7 javelins
 d - 7 boomerangs of dispersal
Armour
 m - a +2 pair of gloves (worn)
 n - a +4 chain mail (worn)
 y - a +0 kite shield (worn)
Jewellery
 x - a ring of see invisible (right hand)
 B - a ring of protection from cold (left hand)
Wands
 z - a wand of mindburst (13)
Scrolls
 c - 3 scrolls of blinking
 k - 5 scrolls of amnesia
 l - a scroll of butterflies
 s - a scroll of enchant armour
 u - 2 scrolls of identify
 v - a scroll of fog
 A - a scroll of fear
Potions
 a - 2 potions of invisibility
 e - 12 potions of curing
 f - 5 potions of heal wounds
 g - 3 potions of haste
 i - 3 potions of berserk rage
 o - 2 potions of brilliance
 p - a potion of might
 q - 2 potions of mutation
 w - a potion of resistance
Miscellaneous
 j - a condenser vane (inert)


   Skills:
 + Level 13.3 Fighting
 + Level 12.6 Short Blades
 + Level 12.6 Long Blades
 + Level 12.6 Axes
 + Level 13.3 Maces & Flails
 + Level 12.6 Polearms
 + Level 12.6 Staves
 + Level 12.6 Ranged Weapons
 + Level 12.8 Throwing
 + Level 12.8 Armour
 + Level 13.3 Dodging
 + Level 12.6 Stealth
 + Level 12.6 Shields
 + Level 12.6 Unarmed Combat
 + Level 13.5 Spellcasting
 + Level 10.6 Conjurations
 + Level 10.6 Hexes
 + Level 10.6 Summonings
 + Level 10.6 Necromancy
 + Level 11.9 Translocations
 + Level 10.6 Transmutations
 + Level 10.6 Fire Magic
 + Level 10.6 Ice Magic
 + Level 10.6 Air Magic
 + Level 10.6 Earth Magic
 + Level 10.6 Poison Magic
 + Level 13.6 Invocations
 + Level 12.6 Evocations


You had 29 spell levels left.
You knew the following spells:

 Your Spells              Type           Power      Damage    Failure   Level
a - Blink                 Tloc           100%       N/A       1%          2
b - Vhi's Electric Charg  Tloc/Air       100%       N/A       1%          3
c - Manifold Assault      Tloc           78%        N/A       1%          4

Your spell library contained the following spells:

 Spells                   Type           Power      Damage    Failure   Level
 Lesser Beckoning         Tloc           100%       N/A       1%          3
 Teleport Other           Tloc           78%        N/A       1%          3


Dungeon Overview and Level Annotations

Branches:
Dungeon (1/1)

Altars:
Ashenzari
Cheibriados
Dithmenos
Elyvilon
Fedhas
Gozag
Hepliaklqana
Kikubaaqudgha
Makhleb
Nemelex Xobeh
Okawaru
Qazlal
Ru
Sif Muna
Trog
Uskayaw
Vehumet
Wu Jian
Xom
Yredelemnul
Zin
The Shining One
Jiyva
Lugonu


Innate Abilities, Weirdness & Mutations

You have very sharp teeth.
Your uncanny sense of smell can sniff out nearby items.
Your experience applies equally to all skills.


Message History

The naga warrior hits you from afar with a +0 trident!
* * * LOW HITPOINT WARNING * * *
The orc knight hits you with a +0 war axe!
* * * LOW HITPOINT WARNING * * *
The orc warlord misses you.
Unknown command.
Blink to where?
Press: ? - help, Dir - move target
As you read the scroll of blinking, it crumbles to dust.
Okay, then.
Clouds of freezing vapour condense around you!
The condenser dries out!
The yaktaur captain is engulfed in freezing vapours.
The orc warlord is engulfed in freezing vapours.
Unknown command.
Aiming: Mindburst
Press: ? - help, Shift-Dir - straight line, f - orc warlord
Aim: an orc warlord, wielding a +2 great mace of protection and wearing a +0 chain mail (freezing vapour, lightly wounded, strong, chance to affect: 70%)
The orc warlord's mind is blasted!
The yaktaur captain is engulfed in freezing vapours.
The orc warlord is engulfed in freezing vapours.
The orc knight is engulfed in freezing vapours.
Aiming: Mindburst
Press: ? - help, Shift-Dir - straight line, f/p - orc warlord
Aim: an orc warlord, wielding a +2 great mace of protection and wearing a +0 chain mail (moderately wounded, strong, chance to affect: 70%)
The orc warlord's mind is blasted!!!
The orc warlord no longer looks unusually strong.
The yaktaur captain is engulfed in freezing vapours.
The orc knight roars a battlecry!
The orc warlord goes into a battle-frenzy!
Unknown command.
Aiming: Mindburst
Press: ? - help, Shift-Dir - straight line, f/p - orc warlord
Aim: an orc warlord, wielding a +2 great mace of protection and wearing a +0 chain mail (severely wounded, strong, chance to affect: 70%)
The orc warlord's mind is blasted!!!
You blow up the orc warlord!
Cheibriados thoroughly appreciates the change of pace.
The yaktaur captain is engulfed in freezing vapours.
The yaktaur captain shoots a bolt.
The bolt hits you!
You die...

..........# ..........#
#++ ..#....#..##..... ∆
..........++..... ∆∆
..........++..... ∆∆∆
##++####''#######
#''#######################
#...........o§§§§......)..
#÷.......@.).c§§N†........
∆
#.[##############)'#######
∆∆ #..#∆∆ ∆∆
∆∆∆∆#).cN..#∆∆∆∆ ∆∆ #..#∆∆
∆∆ #)))...# ∆∆ #..#
#......# #..# ###..###
#..# .... #..# .....
########..# ....##


You could see a yaktaur captain, a naga warrior and an orc knight (strong).

Vanquished Creatures
  2 orc warlords (D)
  2 minotaurs (D)
  A merfolk impaler (D)
  A vault guard (D)
  A catoblepas (D)
  2 centaur warriors (D)
  An alligator snapping turtle (D)
  A two-headed ogre (D)
  7 orc knights (D)
  A necromancer (D)
  A deep elf pyromancer (D)
  An orc sorcerer (D)
  A cyclops (D)
  A merfolk siren (D)
  An elephant (D)
  2 molten gargoyles (D)
  A black mamba (D)
  An efreet (D)
  A freezing wraith (D)
  2 guardian mummies (D)
  4 merfolk (D)
  2 polar bears (D)
  7 dream sheep (D)
  A jumping spider (D)
  A snapping turtle (D)
  A jumping spider (shapeshifter) (D)
  2 wyverns (D)
  5 yaks (D)
  4 redbacks (D)
  Eustachio (D)
  2 floating eyes (D)
  An ice beast (D)
  A swamp drake (D)
  A centaur (D)
  7 wolves (D)
  2 phantoms (D)
  A bullfrog (D)
  An earth elemental (D)
  A scorpion (D)
  3 killer bees (D)
  A quasit (D)
  A hound (D)
  A jelly (D)
  2 orc priests (D)
  2 iron imps (D)
  A hell rat (D)
  An iguana (D)
  2 orc wizards (D)
  2 gnolls (D)
  2 adders (D)
  A river rat (D)
  2 ufetubi (D)
  2 adder zombies (D)
  An adder skeleton (D)
  A worm (D)
  4 orcs (D)
  3 ball pythons (D)
  A giant cockroach (D)
  2 hobgoblins (D)
  A ball python skeleton (D)
  A frilled lizard (D)
  A giant cockroach simulacrum (D)
  A goblin (D)
  A jackal simulacrum (D)
  A quokka skeleton (D)
  2 rats (D)
119 creatures vanquished.

Notes
Turn   | Place    | Note
-------+----------+-------------------------------------------
     0 | D        | Angani the Gnoll Warper began the quest for the Orb.
     0 | D        | Reached XP level 1. HP: 20/20 MP: 6/6
    45 | D        | Found a glowing golden altar of the Shining One.
    45 | D        | Found a glowing silver altar of Zin.
    45 | D        | Found a basalt altar of Yredelemnul.
    45 | D        | Found a shimmering altar of Xom.
    45 | D        | Found an ornate altar of the Wu Jian Council.
    45 | D        | Found a bloodstained altar of Trog.
    45 | D        | Found a shimmering blue altar of Sif Muna.
    45 | D        | Found a sacrificial altar of Ru.
    45 | D        | Found a stormy altar of Qazlal.
    45 | D        | Found an iron altar of Okawaru.
    45 | D        | Found a sparkling altar of Nemelex Xobeh.
    45 | D        | Found a burning altar of Makhleb.
    45 | D        | Found a viscous altar of Jiyva.
    45 | D        | Found a hazy altar of Hepliaklqana.
    45 | D        | Found an opulent altar of Gozag.
    45 | D        | Found a blossoming altar of Fedhas.
    45 | D        | Found a white marble altar of Elyvilon.
    45 | D        | Found a shadowy altar of Dithmenos.
    45 | D        | Found a snail-covered altar of Cheibriados.
    46 | D        | Found a radiant altar of Vehumet.
    46 | D        | Found a corrupted altar of Lugonu.
    48 | D        | Found a hide-covered altar of Uskayaw.
    48 | D        | Found an ancient bone altar of Kikubaaqudgha.
    48 | D        | Found a broken altar of Ashenzari.
    58 | D        | Became a worshipper of Cheibriados the Contemplative
    83 | D        | Reached skill level 1 in Short Blades
    83 | D        | Reached skill level 1 in Long Blades
    83 | D        | Reached skill level 1 in Axes
    83 | D        | Reached skill level 1 in Polearms
    83 | D        | Reached skill level 1 in Staves
    83 | D        | Reached skill level 1 in Ranged Weapons
    83 | D        | Reached skill level 1 in Stealth
    83 | D        | Reached skill level 1 in Shields
    83 | D        | Reached skill level 1 in Unarmed Combat
    83 | D        | Reached skill level 5 in Spellcasting
    83 | D        | Reached skill level 1 in Conjurations
    83 | D        | Reached skill level 1 in Hexes
    83 | D        | Reached skill level 1 in Summonings
    83 | D        | Reached skill level 1 in Necromancy
    83 | D        | Reached skill level 1 in Transmutations
    83 | D        | Reached skill level 1 in Fire Magic
    83 | D        | Reached skill level 1 in Ice Magic
    83 | D        | Reached skill level 1 in Air Magic
    83 | D        | Reached skill level 1 in Earth Magic
    83 | D        | Reached skill level 1 in Poison Magic
    83 | D        | Reached skill level 1 in Invocations
    83 | D        | Reached skill level 1 in Evocations
    83 | D        | Reached XP level 2. HP: 12/26 MP: 8/8
   145 | D        | Reached * piety under Cheibriados
   151 | D        | Reached ** piety under Cheibriados
   159 | D        | Learned a level 2 spell: Blink
   169 | D        | Reached XP level 3. HP: 28/32 MP: 9/9
   189 | D        | Reached *** piety under Cheibriados
   197 | D        | Reached skill level 5 in Fighting
   197 | D        | Reached skill level 5 in Maces & Flails
   197 | D        | Reached skill level 5 in Dodging
   251 | D        | Learned a level 3 spell: Vhi's Electric Charge
   263 | D        | Noticed a phantom
   278 | D        | Killed a phantom
   279 | D        | Reached XP level 4. HP: 35/40 MP: 12/12
   279 | D        | Reached XP level 5. HP: 41/46 MP: 13/13
   284 | D        | Learned a level 4 spell: Manifold Assault
   315 | D        | Reached **** piety under Cheibriados
   320 | D        | Reached ***** piety under Cheibriados
   408 | D        | Noticed an ice beast
   408 | D        | Noticed a phantom
   408 | D        | Noticed a floating eye
   411 | D        | Killed a floating eye
   412 | D        | Reached skill level 5 in Throwing
   412 | D        | Reached skill level 5 in Armour
   412 | D        | Reached skill level 5 in Invocations
   412 | D        | Reached XP level 6. HP: 53/53 MP: 1/15
   425 | D        | Killed an ice beast
   426 | D        | Reached skill level 5 in Short Blades
   426 | D        | Reached skill level 5 in Long Blades
   426 | D        | Reached skill level 5 in Axes
   426 | D        | Reached skill level 5 in Polearms
   426 | D        | Reached skill level 5 in Staves
   426 | D        | Reached skill level 5 in Ranged Weapons
   426 | D        | Reached skill level 5 in Stealth
   426 | D        | Reached skill level 5 in Shields
   426 | D        | Reached skill level 5 in Unarmed Combat
   426 | D        | Reached skill level 5 in Evocations
   432 | D        | Reached XP level 7. HP: 36/60 MP: 4/17
   524 | D        | Noticed a merfolk siren
   524 | D        | Noticed an orc sorcerer
   525 | D        | Reached ****** piety under Cheibriados
   530 | D        | Paralysed by an orc sorcerer for 2 turns
   535 | D        | Noticed an orange demon
   543 | D        | Killed an orc sorcerer
   544 | D        | Reached skill level 5 in Conjurations
   544 | D        | Reached skill level 5 in Hexes
   544 | D        | Reached skill level 5 in Summonings
   544 | D        | Reached skill level 5 in Necromancy
   544 | D        | Reached skill level 5 in Transmutations
   544 | D        | Reached skill level 5 in Fire Magic
   544 | D        | Reached skill level 5 in Ice Magic
   544 | D        | Reached skill level 5 in Air Magic
   544 | D        | Reached skill level 5 in Earth Magic
   544 | D        | Reached skill level 5 in Poison Magic
   544 | D        | Reached XP level 8. HP: 42/68 MP: 1/20
   550 | D        | Killed a merfolk siren
   788 | D        | Noticed a necromancer
   791 | D        | Killed a necromancer
   796 | D        | Reached XP level 9. HP: 75/75 MP: 5/22
   898 | D        | Noticed a freezing wraith
   909 | D        | Killed a freezing wraith
  1100 | D        | Noticed an elephant
  1112 | D        | Killed an elephant
  1293 | D        | Noticed a cyclops
  1301 | D        | Killed a cyclops
  1408 | D        | Noticed a centaur warrior
  1414 | D        | Noticed a polar bear
  1415 | D        | Noticed a polar bear
  1422 | D        | Killed a centaur warrior
  1423 | D        | Reached skill level 10 in Fighting
  1423 | D        | Reached skill level 10 in Maces & Flails
  1423 | D        | Reached skill level 10 in Dodging
  1423 | D        | Reached skill level 10 in Spellcasting
  1423 | D        | Reached XP level 10. HP: 54/85 MP: 5/24
  1554 | D        | Reached skill level 10 in Invocations
  1700 | D        | Noticed Eustachio
  1715 | D        | Killed Eustachio
  1831 | D        | Noticed a black mamba
  1832 | D        | Noticed a molten gargoyle
  1833 | D        | Paralysed by a floating eye for 4 turns
  1839 | D        | Killed a black mamba
  1840 | D        | Reached skill level 10 in Throwing
  1840 | D        | Reached skill level 10 in Armour
  1840 | D        | Noticed a two-headed ogre
  1842 | D        | Killed a molten gargoyle
  1843 | D        | Reached skill level 10 in Short Blades
  1843 | D        | Reached skill level 10 in Long Blades
  1843 | D        | Reached skill level 10 in Axes
  1843 | D        | Reached skill level 10 in Polearms
  1843 | D        | Reached skill level 10 in Staves
  1843 | D        | Reached skill level 10 in Ranged Weapons
  1843 | D        | Reached skill level 10 in Stealth
  1843 | D        | Reached skill level 10 in Shields
  1843 | D        | Reached skill level 10 in Unarmed Combat
  1843 | D        | Reached skill level 10 in Translocations
  1843 | D        | Reached skill level 10 in Evocations
  1843 | D        | Reached XP level 11. HP: 93/93 MP: 17/26
  1845 | D        | Noticed a deep elf pyromancer
  1848 | D        | Killed a two-headed ogre
  1853 | D        | Killed a deep elf pyromancer
  2358 | D        | Noticed a catoblepas
  2368 | D        | Killed a catoblepas
  2493 | D        | Noticed a minotaur
  2511 | D        | Killed a minotaur
  2760 | D        | Noticed a merfolk impaler
  2760 | D        | Noticed an alligator snapping turtle
  2779 | D        | Killed a merfolk impaler
  2780 | D        | Reached XP level 12. HP: 23/103 MP: 2/28
  2780 | D        | HP: 1/103 [alligator snapping turtle (23)]
  2801 | D        | Killed an alligator snapping turtle
  3073 | D        | Noticed a centaur warrior
  3073 | D        | Noticed a minotaur
  3075 | D        | Noticed an orc warlord
  3075 | D        | Noticed an orc warlord
  3080 | D        | Noticed a vault guard
  3084 | D        | Killed a centaur warrior
  3085 | D        | Reached skill level 10 in Conjurations
  3085 | D        | Reached skill level 10 in Hexes
  3085 | D        | Reached skill level 10 in Summonings
  3085 | D        | Reached skill level 10 in Necromancy
  3085 | D        | Reached skill level 10 in Transmutations
  3085 | D        | Reached skill level 10 in Fire Magic
  3085 | D        | Reached skill level 10 in Ice Magic
  3085 | D        | Reached skill level 10 in Air Magic
  3085 | D        | Reached skill level 10 in Earth Magic
  3085 | D        | Reached skill level 10 in Poison Magic
  3085 | D        | Noticed a naga warrior
  3086 | D        | Killed a minotaur
  3088 | D        | Killed a vault guard
  3088 | D        | Noticed a yaktaur captain
  3097 | D        | Killed an orc warlord
  3099 | D        | Noticed a deep elf knight
  3116 | D        | Killed an orc warlord
  3116 | D        | Shot with a bolt by a yaktaur captain

Illustrated notes

Levels and vault maps discovered:
D:        pitsprint [storerooms_1, entrance_room_1, metal_vault_6, armoury_1,
          mini_pit_1, grid_room_1, main_hall_1, silver_pit, the_coven_3,
          the_vestibule_1, steel_vault_4, golden_pit, hallway_of_sentries,
          crystal_vault_3, iron_vault_5, final_vault]

Skill      XL: |  1  2  3  4  5  6  7  8  9 10 11 12 |
---------------+-------------------------------------+-----
Short Blades   | 1 3 4 5 6 7 8 10 11 12 | 12.6
Long Blades    | 1 3 4 5 6 7 8 10 11 12 | 12.6
Axes           | 1 3 4 5 6 7 8 10 11 12 | 12.6
Polearms       | 1 3 4 5 6 7 8 10 11 12 | 12.6
Staves         | 1 3 4 5 6 7 8 10 11 12 | 12.6
Ranged Weapons | 1 3 4 5 6 7 8 10 11 12 | 12.6
Stealth        | 1 3 4 5 6 7 8 10 11 12 | 12.6
Shields        | 1 3 4 5 6 7 8 10 11 12 | 12.6
Unarmed Combat | 1 3 4 5 6 7 8 10 11 12 | 12.6
Spellcasting   | 5 6 7 8 9 10 11 12 13 | 13.5
Conjurations   | 1 2 3 4 5 6 7 8 9 10 | 10.6
Hexes          | 1 2 3 4 5 6 7 8 9 10 | 10.6
Summonings     | 1 2 3 4 5 6 7 8 9 10 | 10.6
Necromancy     | 1 2 3 4 5 6 7 8 9 10 | 10.6
Transmutations | 1 2 3 4 5 6 7 8 9 10 | 10.6
Fire Magic     | 1 2 3 4 5 6 7 8 9 10 | 10.6
Ice Magic      | 1 2 3 4 5 6 7 8 9 10 | 10.6
Air Magic      | 1 2 3 4 5 6 7 8 9 10 | 10.6
Earth Magic    | 1 2 3 4 5 6 7 8 9 10 | 10.6
Poison Magic   | 1 2 3 4 5 6 7 8 9 10 | 10.6
Invocations    | 1 2 3 5 6 8 9 11 12 13 | 13.6
Evocations     | 1 3 4 5 6 7 8 10 11 12 | 12.6
Throwing       | 3 4 5 6 7 9 10 11 12 | 12.8
Armour         | 3 4 5 6 7 9 10 11 12 | 12.8
Fighting       | 5 6 7 8 10 11 12 13 | 13.3
Maces & Flails | 5 6 7 8 10 11 12 13 | 13.3
Dodging        | 5 6 7 8 10 11 12 13 | 13.3
Translocations | 6 7 8 9 10 11 | 11.9

Action                   |  1- 3 |  4- 6 |  7- 9 | 10-12 || total
-------------------------+-------+-------+-------+-------++-------
Melee: Mace              |    39 |    55 |    29 |       ||   123
       Bite              |     3 |     6 |    10 |    12 ||    31
       Punch             |     2 |       |     4 |     3 ||     9
       Morningstar       |       |       |    82 |   226 ||   308
 Cast: Manifold Assault  |       |     6 |    28 |    52 ||    86
       Vhi's Electric Ch |       |       |       |     1 ||     1
Invok: Slouch            |       |       |     1 |     9 ||    10
       Bend Time         |       |       |     2 |     3 ||     5
Evoke: Wand              |       |       |       |     6 ||     6
       Condenser vane    |       |       |       |     1 ||     1
  Use: Potion            |       |       |     5 |     9 ||    14
       Scroll            |       |       |       |    11 ||    11
 Stab: Sleeping          |       |     1 |       |     1 ||     2
Armor: Leather armour    |     7 |    19 |    17 |     7 ||    50
       Chain mail        |       |       |       |    42 ||    42
Dodge: Dodged            |    27 |    44 |    82 |   104 ||   257
Block: Kite shield       |       |       |       |    84 ||    84

Table legend: (Time is in decaauts)
 A = Elapsed time spent in this place.
 B = Non-inter-level travel time spent in this place.
 C = Inter-level travel time spent in this place.
 D = Time resting spent in this place.
 E = Time spent auto-exploring this place.
 F = Levels seen in this place.
 G = Mean time per level.
                   A        B        C        D        E       F      G
               +--------+--------+--------+--------+--------+-----+--------+
         Total |   3805 |   3591 |    214 |   1871 |     13 |   1 | 3805.0 |
       Dungeon |   3805 |   3591 |    214 |   1871 |     13 |   1 | 3805.0 |
               +--------+--------+--------+--------+--------+-----+--------+

Top non-repeatable levels by time:
       D: 3805 daAuts
